 Dungeon Crawl Stone Soup version 0.22-a0-409-gb855193 (webtiles) character file.

1326 zero the Firebug (level 8, -1/67 HPs)
             Began as a Troll Fire Elementalist on May 10, 2018.
             Was a Believer of Vehumet.
             Slain by an orc
             ... wielding a +0 trident
              (5 damage)
             ... on level 5 of the Dungeon.
             The game lasted 00:09:50 (5150 turns).

zero the Firebug (Troll Fire Elementalist)          Turns: 5150, Time: 00:09:51

Health: -1/67      AC:  8    Str: 17    XL:     8   Next: 34%
Magic:  12/12      EV: 14    Int: 13    God:    Vehumet [**....]
Gold:   356        SH:  4    Dex: 10    Spells: 5/14 levels left

rFire    . . .     SeeInvis .   (no weapon)
rCold    . . .     Gourm    +   (no shield)
rNeg     . . .     Faith    .   a - +0 robe
rPois    .         Spirit   .   (helmet restricted)
rElec    .         Reflect  +   (no cloak)
rCorr    .         Harm     .   (gloves unavailable)
MR       .....                  (boots unavailable)
Stlth    +.........             i - +4 amulet of reflection
HPRegen  0.61/turn              d - +4 ring of evasion
MPRegen  0.13/turn              g - +3 ring of protection

@: no status effects
A: large, unfitting armour, claws 3, fast metabolism 3, gourmand, regeneration
1, shaggy fur 1, tough skin 2
a: Renounce Religion


You were on level 5 of the Dungeon.
You worshipped Vehumet.
Vehumet was pleased with you.
You were very full.

You visited 2 branches of the dungeon, and saw 6 of its levels.

You collected 356 gold pieces.

Inventory:

Armour
 a - a +0 robe (worn)
Jewellery
 d - a +4 ring of evasion (left claw)
 g - a +3 ring of protection (right claw)
 i - a +4 amulet of reflection (around neck)
Scrolls
 b - a scroll of fog
 e - 2 scrolls of teleportation
 f - 2 scrolls of remove curse
 k - a scroll of magic mapping
Potions
 h - a potion of haste {unknown}
 l - 2 potions of cancellation
 o - a potion of might
Comestibles
 c - 8 rations
 m - a chunk of flesh


   Skills:
 - Level 1.5 Dodging
 - Level 1.0 Stealth
 + Level 3.9 Spellcasting
 + Level 4.4 Conjurations
 + Level 4.9 Fire Magic


You had 5 spell levels left.
You knew the following spells:

 Your Spells              Type           Power        Failure   Level  Hunger
a - Flame Tongue          Conj/Fire      ##...        3%          1    None
b - Throw Flame           Conj/Fire      ##....       4%          2    ##.....
c - Conjure Flame         Conj/Fire      ##......     9%          3    ###....
d - Inner Flame           Hex/Fire       #.......     22%         3    ###....


Dungeon Overview and Level Annotations

Branches:
Dungeon (5/15)             Temple (1/1) D:4

Altars:
Dithmenos
Elyvilon
Fedhas
Gozag
Hepliaklqana
Nemelex Xobeh
Qazlal
Sif Muna
Trog
Uskayaw
Vehumet
Xom
Yredelemnul

Shops:
D:5 [


Innate Abilities, Weirdness & Mutations

You are too large for most types of armour.
You have claws for hands.
Your metabolism is lightning-fast.
You like to eat raw meat.
Your natural rate of healing is unusually fast.
You are covered in fur. (AC +1)
You have very tough skin. (AC +2)


Message History

The orc wizard hits you but does no damage.
Casting: Flame Tongue (safe; 3% risk of failure)
Confirm with . or Enter, or press ? or * to list all spells.
Aiming: Throw Flame (safe; 4% risk of failure)
Press: ? - help, Shift-Dir - straight line, f/p - orc wizard
Aim: an orc wizard, wielding a dagger and wearing a robe (moderately wounded)
The puff of flame misses the orc wizard.
The orc hits you but does no damage. The orc wizard completely misses you.
Casting: Throw Flame (safe; 4% risk of failure)
Confirm with . or Enter, or press ? or * to list all spells.
Aiming: Throw Flame (safe; 4% risk of failure)
Press: ? - help, Shift-Dir - straight line, f/p - orc wizard
Aim: an orc wizard, wielding a dagger and wearing a robe (moderately wounded)
The puff of flame hits the orc wizard.
The orc wizard is heavily wounded.
The orc barely misses you. The orc wizard hits you with a dagger.
* * * LOW HITPOINT WARNING * * *
It was a potion of magic.
Magic courses through your body.
The orc hits you from afar with a trident.
You die...

###.#### #####.##
###### .......#
#....###### #####..#
#.......... #####
#..######..#######.
#....
#......>...#.#.#
#.###
#....#######.#^#^# #
#.# #..... #o#######
##.## .......#
#.o@...^+ ###...#
.......# #)#######
#.....# #####.##
#.#^#^# # #.#...# #.
#.#.#.# #.###### #'
#.#######.# #.......
#........)###..#####
###..##.## #...### #
##.#....# #.#...###
#p...#### ##......##


You could see an orc wizard and an orc.

Vanquished Creatures
  Sigmund (D:2)
  The ghost of zkyp the Skirmisher, an amateur KoBe of Trog (D:3)
  An ice beast (D:5)
  A sky beast (D:5)
  4 slaves (D:5)
  3 ogres
  A centaur (D:5)
  A water moccasin zombie (D:5)
  A hound (D:5)
  A jelly (D:5)
  4 orc priests
  Natasha (thrice) (D:4)
  3 worker ants (D:4)
  6 adders
  An ooze (D:5)
  An adder skeleton (D:4)
  An adder zombie (D:5)
  A worm (D:2)
  2 dart slugs
  2 leopard geckos
  11 orcs
  3 bats
  9 giant cockroaches
  5 goblins
  7 hobgoblins
  7 jackals
  7 kobolds
  A quokka (D:4)
  4 frilled lizards
  A jackal skeleton (D:5)
  4 rats
98 creatures vanquished.

Notes
Turn   | Place    | Note
-------+----------+-------------------------------------------
     0 | D:1      | zero the Troll Fire Elementalist began the quest for the Orb.
     0 | D:1      | Reached XP level 1. HP: 16/16 MP: 1/1
    53 | D:2      | Found a white marble altar of Elyvilon.
   243 | D:1      | Reached skill level 1 in Conjurations
   296 | D:1      | Reached XP level 2. HP: 24/24 MP: 3/3
  1078 | D:2      | Found a deep blue altar of Sif Muna.
  1179 | D:2      | Reached XP level 3. HP: 27/31 MP: 2/4
  1401 | D:2      | Found a sparkling altar of Nemelex Xobeh.
  1411 | D:2      | You fall through a shaft for 2 floors!
  1411 | D:4      | Found a staircase to the Ecumenical Temple.
  1414 | Temple   | Entered the Ecumenical Temple
  1434 | Temple   | Became a worshipper of Vehumet
  1471 | D:4      | Reached XP level 4. HP: 32/39 MP: 0/5
  1551 | D:4      | Noticed an ogre
  1561 | D:4      | Killed an ogre
  1561 | D:4      | Reached XP level 5. HP: 28/45 MP: 1/7
  1653 | D:5      | Entered Level 5 of the Dungeon
  1794 | D:3      | Reached XP level 6. HP: 53/53 MP: 8/8
  1878 | D:3      | Noticed zkyp's ghost (amateur KoBe)
  1921 | D:2      | Learned a level 2 spell: Throw Flame
  1925 | D:2      | Learned a level 3 spell: Conjure Flame
  1929 | D:2      | Learned a level 3 spell: Inner Flame
  2252 | D:2      | Noticed Sigmund
  2350 | D:1      | Reached * piety under Vehumet
  2350 | D:1      | Offered knowledge of Sting by Vehumet.
  2539 | D:2      | Killed Sigmund
  2844 | D:3      | Killed zkyp's ghost
  2844 | D:3      | Reached XP level 7. HP: 13/59 MP: 0/10
  3269 | D:4      | Noticed Natasha
  3272 | D:4      | Killed Natasha
  3594 | D:4      | Noticed Natasha
  3605 | D:4      | Killed Natasha
  3774 | D:4      | Noticed Natasha
  3789 | D:4      | Killed Natasha
  4287 | D:5      | Found Iliufaud's Armour Shoppe.
  4350 | D:5      | Reached XP level 8. HP: 55/67 MP: 0/12
  4909 | D:5      | Offered knowledge of Sandblast by Vehumet.
  5012 | D:5      | Reached ** piety under Vehumet
  5149 | D:5      | HP: 3/67 [orc wizard/dagger (4)]
  5150 | D:5      | Slain by an orc

Vault maps used:
D:1:      lightli_arrival_statuegarden, item_on_display_a
D:2:      kennysheep_big_flooded_room, nemelex_xobeh_ov_fountains_minmay,
          grunt_temple_overflow_open, uniq_sigmund
D:3:      st_stairs_10
D:4:      minmay_temple_entry_glass, serial_curves, eino_curves_03,
          eino_curves_04, uniq_natasha
D:5:      first_ration, nicolae_ossuary_entry_ruins, serial_shops, shop,
          grunt_tough_drop, uniq_pikel
Temple:   eino_wide_crystal_templ

Skill      XL: |  1  2  3  4  5  6  7 |
---------------+----------------------+-----
Conjurations   | 1 2 3 4 |  4.4
Spellcasting   | 2 3 |  3.9
Fire Magic     | 3 4 |  4.9
Dodging        | |  1.5
Stealth        | |  1.0

Action                   |  1- 3 |  4- 6 |  7- 9 || total
-------------------------+-------+-------+-------++-------
Melee: Unarmed           |    78 |   180 |   279 ||   537
 Cast: Flame Tongue      |    10 |    21 |    15 ||    46
       Throw Flame       |       |     7 |    27 ||    34
  Use: Scroll            |       |     8 |     2 ||    10
       Potion            |       |     2 |     1 ||     3
 Stab: Sleeping          |     6 |     1 |     1 ||     8
  Eat: Chunk             |    18 |    10 |    28 ||    56
Armor: Robe              |    19 |    56 |    76 ||   151
Dodge: Dodged            |    47 |   133 |   200 ||   380
Block: Other             |     2 |    41 |    52 ||    95
       Reflection        |       |       |     1 ||     1

Table legend:
 A = Spawn XP
 B = Non-spawn XP
 C = Spawn XP percentage of total XP
 D = Spawn monster count
 E = Non-spawn monster count
 F = Spawn count percentage of total count
 G = Total turns spent on level
                    A         B        C        D         E        F      G
               +---------+---------+-------+---------+---------+-------+---------
         Total |       0 |    1895 |   0.0 |       0 |      94 |   0.0 |  5150
               +---------+---------+-------+---------+---------+-------+---------
           D:1 |       0 |      83 |   0.0 |       0 |      22 |   0.0 |  1303
           D:2 |       0 |     287 |   0.0 |       0 |      14 |   0.0 |  1012
           D:3 |       0 |     191 |   0.0 |       0 |      15 |   0.0 |   515
           D:4 |       0 |     443 |   0.0 |       0 |      18 |   0.0 |  1068
           D:5 |       0 |     891 |   0.0 |       0 |      25 |   0.0 |  1219
               +---------+---------+-------+---------+---------+-------+---------
